 Dungeon Crawl Stone Soup version 0.30-a0-219-gf2db51d15e (webtiles) character file.

Game seed: 14560774052923963518

25 zishaf the Sneak (level 3, -3/18 HPs)
             Began as a Vine Stalker Brigand on Oct 6, 2022.
             Slain by Terence
             ... wielding a +0 flail
              (5 damage)
             ... on level 3 of the Dungeon.
             The game lasted 00:02:07 (671 turns).

zishaf the Sneak (Vine Stalker Brigand)              Turns: 671, Time: 00:02:08

Health: -3/18      AC: 15    Str: 16    XL:     3   Next: 4%
Magic:  0/4        EV:  6    Int: 11    God:
Gold:   98         SH:  0    Dex: 17    Spells: 2/2 levels left

rFire   . . .      SeeInvis .    a - +2 dagger
rCold   . . .      Faith    .    (no shield)
rNeg    . . .      Spirit   +    k - +5 chain mail "Tivaen" {*Corrode rElec Str+3}
rPois   .          Reflect  .    (no helmet)
rElec   +          Harm     .    c - +0 cloak
rCorr   .          Rampage  .    f - +0 pair of gloves
Will    .....                    (no boots)
Stlth   ..........               (no amulet)
HPRegen 0.23/turn                (no ring)
MPRegen 0.09/turn                (no ring)

@: no status effects
A: fangs 2, magic shield, antimagic bite, no potion heal 2
a: no special abilities


You were on level 3 of the Dungeon.
You visited 1 branch of the dungeon, and saw 4 of its levels.

You collected 98 gold pieces.

Inventory:

Hand Weapons
 a - a +2 dagger (weapon)
Missiles
 d - 15 poisoned darts (quivered)
 m - a throwing net
Armour
 b - a +0 robe
 c - a +0 cloak (worn)
 f - a +0 pair of gloves (worn)
 k - the +5 chain mail "Tivaen" (worn) {*Corrode rElec Str+3}
   (You found it on level 2 of the Dungeon)

   Str:       It affects your strength (+3).
   rElec:     It insulates you from electricity.
   *Corrode:  It may corrode you when you take damage.
Scrolls
 g - a scroll of identify {unknown}
 h - a scroll of poison {unknown}
 l - a scroll of teleportation {unknown}
Potions
 i - a potion of ambrosia {unknown}
 j - a potion of degeneration {unknown}


   Skills:
 + Level 2.3 Fighting
 + Level 2.3 Short Blades
 - Level 2.0 Throwing
 - Level 1.0 Dodging
 - Level 5.0 Stealth


You had 2 spell levels left.
You didn't know any spells.
Your spell library contained the following spells:

 Spells                   Type           Power      Damage    Failure   Level
 Cigotuvi's Dreadful Rot  Necr/Pois/Air  0%         N/A       100%        2
 Poisonous Vapours        Pois/Air       0%         N/A       100%        2
 Mephitic Cloud           Conj/Pois/Air  0%         N/A       100%        3


Dungeon Overview and Level Annotations

Branches:
Dungeon (4/15)
 Temple: D:4-7

Altars:
Hepliaklqana

Shops:
D:1 (

Annotations:
D:2 dig
D:3 Terence


Innate Abilities, Weirdness & Mutations

You have extremely sharp teeth.
When hurt, damage is shared between your health and your magic reserves.
Your bite disrupts and absorbs the magic of your enemies.
Potions cannot restore your health.


Message History

Terence hits you but does no damage.
Throw: 2 darts (curare)
Press: ? - help, Q - select action, (/) - cycle Shift-Dir - straight line, f/p - Terence
Aim: Terence, wielding a +0 flail, wearing a +3 chain mail of poison resistance and carrying a wand of flame (16) (69% to hit)
You throw a curare-tipped dart.
The curare-tipped dart barely misses Terence.
Terence zaps a wand.
The puff of flame hits you!
Throw: dart (curare)
Press: ? - help, Q - select action, (/) - cycle Shift-Dir - straight line, f/p - Terence
Aim: Terence, wielding a +0 flail, wearing a +3 chain mail of poison resistance and carrying a wand of flame (15) (69% to hit)
You throw a curare-tipped dart. The curare-tipped dart hits Terence.
Terence zaps a wand.
The puff of flame hits you.
You hit Terence.
Terence is lightly wounded.
Terence barely misses you.
You barely miss Terence.
Terence is lightly wounded.
Terence hits you with a +0 flail.
You closely miss Terence.
Terence is lightly wounded.
Terence barely misses you.
You hit Terence. Your bite misses Terence.
Terence is moderately wounded.
Terence hits you with a +0 flail.
You hit Terence. Your bite misses Terence.
Terence is moderately wounded.
Terence barely misses you.
You barely miss Terence. You bite Terence, but do no damage.
Terence is moderately wounded.
Terence hits you but does no damage.
You hit Terence but do no damage. You bite Terence, but do no damage.
Terence is moderately wounded.
You hit Terence but do no damage.
Terence is moderately wounded.
Terence zaps a wand.
The puff of flame hits you.
* * * LOW HITPOINT WARNING * * *
You hit Terence but do no damage. Your bite misses Terence.
Terence is moderately wounded.
Terence hits you with a +0 flail.
You die...

#.....[
#.....
#....#
#..).#
#....##
#....>##
#####......#
##.....#
#.@#####
##@## #(.#
#.## ##.#
#..# #....#
#.......
#..#..(...


You could see Terence.

Vanquished Creatures
  5 endoplasms
  A giant cockroach (D:4)
  2 hobgoblins (D:1)
  3 quokkas
  4 ball pythons (D:1)
  2 bats (D:2)
  2 frilled lizards
  A kobold (D:1)
  5 rats (D:1)
25 creatures vanquished.

Notes
Turn   | Place    | Note
-------+----------+-------------------------------------------
     0 | D:1      | zishaf the Vine Stalker Brigand began the quest for the
                  | Orb.
     0 | D:1      | Reached XP level 1. HP: 11/11 MP: 2/2
   154 | D:1      | Reached skill level 1 in Dodging
   154 | D:1      | Reached skill level 5 in Stealth
   154 | D:1      | Reached XP level 2. HP: 13/15 MP: 3/3
   194 | D:1      | Found Geceizus's Weapon Shop.
   534 | D:2      | Identified the +5 chain mail "Tivaen" {*Corrode rElec
                  | Str+3}
   574 | D:2      | You fall into a shaft and drop 2 floors!
   621 | D:4      | Reached XP level 3. HP: 18/18 MP: 4/4
   623 | D:4      | Found a hazy altar of Hepliaklqana.
   645 | D:3      | Noticed Terence
   671 | D:3      | Slain by Terence

Illustrated notes

Levels and vault maps discovered:
D:1:      spicycebolla_arrival_clurvy, layout_basic, serial_shops, shop,
          chequers_serial_rivers_small_3, amcnicky_mini_pool_small
D:2:      layout_basic, serial_shops, shop, ebering_ecumenical_altar_petrified,
          serial_glass, glass_columns_c, glass_columns_b, due_unseen_surprise,
          item_on_display_a, minmay_divided_ellipse
D:3:      layout_rooms, serial_shops, shop_fountains, roderic_batcave,
          grunt_decor_cap, st_stairs_3, corner_web_ring, supply_closet_lemuel,
          hangedman_decor_points, uniq_crazy_yiuf_cottage, uniq_terence
D:4:      layout_loops_corners, mainiacjoe_overflow_cross_hatched,
          nicolae_shop_firing_range, uniq_edmund

Skill      XL: |  1  2 |
---------------+-------+-----
Dodging        | 1 |  1.0
Stealth        | 5 |  5.0
Fighting       | 2 |  2.3
Short Blades   | 2 |  2.3
Throwing       | 2 |  2.0

Action                   || total
-------------------------++-------
Melee: Dagger            ||    65
       Bite              ||    18
       Punch             ||     1
Throw: Dart              ||     3
 Stab: Sleeping          ||     7
Armor: Robe              ||    15
       Chain mail        ||     8
Dodge: Dodged            ||    18

Table legend: (Time is in decaauts)
 A = Elapsed time spent in this place.
 B = Non-inter-level travel time spent in this place.
 C = Inter-level travel time spent in this place.
 D = Time resting spent in this place.
 E = Time spent auto-exploring this place.
 F = Levels seen in this place.
 G = Mean time per level.
                   A        B        C        D        E       F      G
               +--------+--------+--------+--------+--------+-----+--------+
         Total |    666 |    652 |     14 |      0 |    405 |   4 |  166.5 |
       Dungeon |    666 |    652 |     14 |      0 |    405 |   4 |  166.5 |
               +--------+--------+--------+--------+--------+-----+--------+

Top non-repeatable levels by time:
     D:1: 474 daAuts
     D:2: 97 daAuts
     D:4: 66 daAuts
     D:3: 28 daAuts
